 Dungeon Crawl Stone Soup version 0.17.1-1-g73c8601 (webtiles) character file.

401 Andry07 the Blocker (level 6, -1/32 HPs)
             Began as a Vine Stalker Fighter on Dec 25, 2015.
             Slain by Clownie's ghost (3 damage)
             ... on level 3 of the Dungeon.
             The game lasted 00:10:47 (2764 turns).

Andry07 the Blocker (Vine Stalker Fighter)          Turns: 2764, Time: 00:10:47

Health: -1/32      AC:  6    Str: 21    XL:     6   Next: 85%
Magic:  0/16       EV:  4    Int:  8    God:
Gold:   114        SH: 12    Dex: 13    Spells: 0 memorised, 5 levels left

rFire  . . .     SeeInvis .     s - +4 flail (holy)
rCold  . . .     Clarity  .     p - +0 ring mail (curse)
rNeg   . . .     SustAt   .     c - +0 shield
rPois  .         Gourm    .     (no helmet)
rElec  .         Spirit   +     (no cloak)
rCorr  .         Warding  .     (no gloves)
rMut   .         Stasis   .     w - +0 pair of boots
MR     .....                    (no amulet)
Stlth  +.........               (no ring)
                                t - ring of magical power

@: not resistant to hostile enchantments, very unstealthy
A: fangs 2, regeneration 2, magic shield, antimagic bite, no device heal 3, rot
immunity
a: no special abilities


You were on level 3 of the Dungeon.
You were not hungry.

You visited 1 branch of the dungeon, and saw 4 of its levels.

You collected 114 gold pieces.

Inventory:

Hand Weapons
 s - a +4 flail of holy wrath (weapon)
 y - a +0 long sword of slicing
Armour
 b - a +0 scale mail
 c - a +0 shield (worn)
 p - a cursed +0 ring mail (worn)
 w - a +0 pair of boots (worn)
Jewellery
 a - an uncursed ring of protection from fire {unknown}
 t - a ring of magical power (left hand)
Wands
 q - a wand of confusion (24)
Scrolls
 h - a scroll of recharging
 j - 2 scrolls of enchant weapon {unknown}
 k - 4 scrolls of identify
 m - 2 scrolls of enchant armour {unknown}
 n - 3 scrolls of remove curse {unknown}
 o - 2 scrolls of teleportation {unknown}
 r - a scroll of amnesia {unknown}
Potions
 d - 3 potions of might
 f - a potion of curing
 g - 2 potions of heal wounds {unknown}
 l - a potion of brilliance {unknown}
 v - a potion of cure mutation {unknown}
Comestibles
 e - a bread ration
 i - 4 fruits
 u - a meat ration
 x - a chunk of flesh


   Skills:
 - Level 2.6 Fighting
 + Level 4.9 Long Blades
 - Level 2.4 Armour
 - Level 10.7 Shields


You had 5 spell levels left.
You didn't know any spells.

Dungeon Overview and Level Annotations

Branches:
Dungeon (4/15)
 Temple: D:4-7

Altars:
Dithmenos

Annotations:
D:3 Clownie's ghost, amateur FoFi


Innate Abilities, Weirdness & Mutations

You have extremely sharp teeth.
You heal very quickly.
When hurt, damage is shared between your health and your magic reserves.
Your bite disrupts and absorbs the magic of your enemies.
Potions and wands cannot restore your health.
You are immune to rotting.


Message History

You barely miss Clownie's ghost.
You bite Clownie's ghost, but do no damage.
Clownie's ghost is severely damaged.
Clownie's ghost hits you!
* * * LOW HITPOINT WARNING * * *
You are too injured to fight recklessly!
You closely miss Clownie's ghost. Your bite misses Clownie's ghost.
Clownie's ghost is severely damaged.
Clownie's ghost hits you!
* * * LOW HITPOINT WARNING * * *
You block Clownie's ghost's attack.
You miss Clownie's ghost. Your bite misses Clownie's ghost.
Clownie's ghost is severely damaged.
Clownie's ghost hits you but does no damage.
Your shield and ring mail prevent you from hitting Clownie's ghost.
Clownie's ghost is severely damaged.
Clownie's ghost hits you!
* * * LOW HITPOINT WARNING * * *
Clownie's ghost hits you.
You die...

'...+...'.......#<# #.###.#
#...#.###...##.##[# #...#.#
.............#..#.#
###.#.#####
.#...#######.#.##.# #.#......
.#...# #.#(...## #.#..####
.#...# #.#.....######.#......
.#..## #.#..........#.##.####
##.## #.#..........#.##.# .#.#
#.#..@............# .#.######
#.#..W.......#....#
.#.#....####.###........#....#
.#.#.........###.###########.#
.#.#..........>..# #.#
...#...........### #.#
####...........# #.####
#...........# ####.##..
##'#####.##.##### #....##.#


You could see Clownie's ghost.

Vanquished Creatures
  Edmund (D:4)
  An orc priest (D:3)
  6 adders
  3 gnolls (D:2)
  5 worms
  2 giant geckos
  9 orcs (D:3)
  11 bats
  3 giant cockroaches
  3 goblins (D:1)
  9 hobgoblins
  3 jackals (D:3)
  8 kobolds
  A quokka (D:2)
  A ball python (D:3)
  A giant newt (D:2)
  8 rats
75 creatures vanquished.

Notes
Turn   | Place    | Note
--------------------------------------------------------------
     0 | D:1      | Andry07 the Vine Stalker Fighter began the quest for the Orb.
     0 | D:1      | Reached XP level 1. HP: 11/11 MP: 2/2
    47 | D:1      | Reached XP level 2. HP: 16/16 MP: 3/3
   574 | D:1      | Reached skill level 3 in Long Blades
   630 | D:1      | Reached XP level 3. HP: 16/19 MP: 4/4
   848 | D:2      | Reached XP level 4. HP: 13/23 MP: 5/5
   865 | D:2      | Reached skill level 4 in Long Blades
   908 | D:2      | Reached skill level 10 in Shields
   908 | D:2      | Reached XP level 5. HP: 27/27 MP: 6/6
   928 | D:2      | Found a shadowy altar of Dithmenos.
  1720 | D:4      | Noticed Edmund
  1853 | D:3      | Noticed Clownie's ghost (amateur FoFi)
  2005 | D:4      | Killed Edmund
  2005 | D:4      | Gained mutation: You heal very quickly. [Vine Stalker growth]
  2005 | D:4      | Reached XP level 6. HP: 9/32 MP: 5/7
  2763 | D:3      | HP: 1/32 [Clownie's ghost (5)]
  2764 | D:3      | Slain by Clownie's ghost

Action                   |  1- 3 |  4- 6 || total
-------------------------+-------+-------++-------
Melee: Long sword        |    67 |   135 ||   202
       Flail             |       |    46 ||    46
  Use: Scroll            |       |     4 ||     4
       Potion            |       |     1 ||     1
  Eat: Chunk             |       |     6 ||     6
